 Dungeon Crawl Stone Soup version 0.29.1-2-gbd0b4ee654 (webtiles) character file.

Game seed: 18299187834340388808

275 GorkyZ the Trooper (level 6, -4/38 HPs)
             Began as a Gargoyle Fighter on Nov 26, 2022.
             Slain by a gnoll
             ... wielding the +6 whip of Conformity {freeze, rC++ rCorr Str+4}
             ... led by a gnoll bouda
              (10 damage)
             ... on level 5 of the Dungeon.
             The game lasted 00:09:59 (3730 turns).

GorkyZ the Trooper (Gargoyle Fighter)               Turns: 3730, Time: 00:10:00

Health: -4/38      AC: 12    Str: 21    XL:     6   Next: 24%
Magic:  6/6        EV:  9    Int:  9    God:
Gold:   233        SH:  4    Dex:  9    Spells: 5/5 levels left

rFire   . . .      SeeInvis .   q - +1 dagger (venom)
rCold   . . .      Faith    .   c - +0 buckler
rNeg    + . .      Spirit   .   b - +0 scale mail
rPois   ∞          Reflect  .   (no helmet)
rElec   +          Harm     .   k - +0 cloak
rCorr   +          Rampage  .   (no gloves)
Will    +....                   (no boots)
Stlth   ..........              (no amulet)
HPRegen 0.12/turn               o - ring of resist corrosion
MPRegen 0.10/turn               v - ring of willpower

@: weakened
A: sickness immunity, AC +4, negative energy resistance 1, electricity
resistance, torment resistance 1, petrification resistance
a: no special abilities


You were on level 5 of the Dungeon.
You visited 1 branch of the dungeon, and saw 5 of its levels.

You collected 233 gold pieces.

Inventory:

Hand Weapons
 a - a +1 vorpal war axe
 q - a +1 dagger of venom (weapon)
Missiles
 j - 8 poisoned darts (quivered)
Armour
 b - a +0 scale mail (worn)
 c - a +0 buckler (worn)
 k - a +0 cloak (worn)
 n - a +0 plate armour
Jewellery
 e - an amulet of magic regeneration
 o - a ring of resist corrosion (left hand)
 v - a ring of willpower (right hand)
Scrolls
 f - 2 scrolls of poison
 g - 4 scrolls of identify
 m - 2 scrolls of fog {unknown}
 p - a scroll of silence
Potions
 d - 2 potions of might
 h - a potion of resistance
 i - 2 potions of curing
 l - a potion of berserk rage {unknown}
 s - a potion of brilliance
 t - 2 potions of degeneration


   Skills:
 + Level 4.1 Fighting
 + Level 2.6 Axes
 + Level 1.8 Throwing
 + Level 4.1 Armour
 + Level 1.4 Dodging
 + Level 4.1 Shields
 + Level 1.7 Evocations


You had 5 spell levels left.
You didn't know any spells.
Your spell library contained the following spells:

 Spells                   Type           Power      Damage    Failure   Level
 Chain Lightning          Conj/Air       0%         N/A       100%        9
 Fire Storm               Conj/Fire      0%         5d1       100%        9
 Shatter                  Erth           0%         3d5*      100%        9


Dungeon Overview and Level Annotations

Branches:
Dungeon (5/15)             Temple (0/1) D:4

Altars:
Makhleb
Okawaru
Sif Muna

Shops:
D:2 (


Innate Abilities, Weirdness & Mutations

You are immune to sickness and miasma.
Your stone body is resilient. (AC +4)
You are immune to poison.
You resist negative energy. (rN+)
You are resistant to electric shocks. (rElec)
You are resistant to unholy torment.
You are immune to petrification.


Message History

You hit the iguana but do no damage. The iguana bites you.
You hit the iguana.
The iguana is poisoned.
The iguana is moderately wounded.
The iguana bites you.
You hit the iguana but do no damage.
The iguana is severely wounded.
The iguana hisses menacingly.
The iguana barely misses you.
You hit the iguana.
The iguana looks as sick as possible!
The iguana is severely wounded.
The iguana bites you!
You hit the iguana but do no damage.
The iguana looks as sick as possible!
The iguana is almost dead.
The iguana bites you!
A gnoll comes into view. It is wielding a +0 halberd.
Unknown command.
You are too injured to fight recklessly!
You kill the iguana!
A gnoll bouda comes into view. It is wielding a +0 whip of freezing.
The gnoll hits you but does no damage.
The gnoll bouda gazes fiercely through you!
You feel your attacks grow feeble.
You hit the gnoll but do no damage.
The gnoll is poisoned.
A gnoll comes into view. It is wielding a +0 whip.
You block the gnoll's attack.
The gnoll bouda barks out a call to the hunt!
The gnolls pick up the pace!
Your attacks no longer feel as feeble.
The gnoll bouda barks out a call to the hunt!
The gnoll hits you with the +6 whip of Conformity {freeze, rC++ rCorr Str+4}!
* * * LOW HITPOINT WARNING * * *
The gnoll freezes you.
* * * LOW HITPOINT WARNING * * *
The gnoll attacks as you move away! The gnoll completely misses you.
The gnoll bouda gazes fiercely through you!
You feel your attacks grow feeble.
The sentinel's mark upon you fades away.
The gnoll barely misses you.
The gnoll hits you with the +6 whip of Conformity {freeze, rC++ rCorr Str+4}!
You die...

########
#<@g...#########.#
##...g..g..g.....#
#####.##.######.#
#.##.# #....#
#.#### #.# #.# #.#


You could see a gnoll bouda and 2 gnolls.

Vanquished Creatures
  2 hounds
  An orc priest (D:4)
  3 iguanas
  3 adders (D:3)
  An ufetubus (D:4)
  A worm (D:2)
  A dart slug (D:3)
  An orc (D:3)
  6 ball pythons
  7 endoplasms
  A giant cockroach (D:2)
  15 goblins
  9 hobgoblins
  3 jackals (D:1)
  6 kobolds
  3 bats
  2 frilled lizards
  4 rats
69 creatures vanquished.

Vanquished Creatures (others)
  A butterfly (D:5)
1 creature vanquished.

Grand Total: 70 creatures vanquished

Notes
Turn   | Place    | Note
-------+----------+-------------------------------------------
     0 | D:1      | GorkyZ the Gargoyle Fighter began the quest for the Orb.
     0 | D:1      | Reached XP level 1. HP: 14/14 MP: 1/1
   105 | D:1      | Reached XP level 2. HP: 18/19 MP: 2/2
   537 | D:1      | Reached XP level 3. HP: 22/23 MP: 3/3
  1114 | D:2      | Found Ogynnikk's Antique Weapon Emporium.
  1524 | D:3      | Reached skill level 1 in Throwing
  1524 | D:3      | Reached XP level 4. HP: 19/29 MP: 4/4
  1771 | D:3      | Reached skill level 1 in Evocations
  2223 | D:3      | Reached skill level 1 in Dodging
  2223 | D:3      | Reached XP level 5. HP: 33/33 MP: 5/5
  2409 | D:4      | Found an iron altar of Okawaru.
  2542 | D:4      | Found a staircase to the Ecumenical Temple.
  2595 | D:4      | Found a burning altar of Makhleb.
  2752 | D:4      | Found a shimmering blue altar of Sif Muna.
  3017 | D:4      | Reached XP level 6. HP: 19/38 MP: 6/6
  3695 | D:5      | Entered Level 5 of the Dungeon
  3714 | D:5      | Identified the +6 whip of Conformity {freeze, rC++ rCorr
                  | Str+4}
  3730 | D:5      | Slain by a gnoll

Illustrated notes

Levels and vault maps discovered:
D:1:      minmay_arrival_up_and_down, layout_basic
D:2:      layout_rooms, serial_shops, nicolae_shop_crystal, minivault_14
D:3:      layout_basic, kennysheep_generic_room_14
D:4:      layout_loops_corners, lightli_temple_of_fire,
          okawaru_metal_pillars_1_2, kennysheep_mini_moat,
          minmay_temple_entry_proselytizer
D:5:      layout_basic, mainiacjoe_overflow_brackets,
          mainiacjoe_overflow_tiny_flanked, nicolae_elyvilon_peaceful_grove,
          hangedman_decor_opposing

Skill      XL: |  1  2  3  4  5 |
---------------+----------------+-----
Axes           | 2 |  2.6
Throwing       | 1 |  1.8
Evocations     | 1 |  1.7
Dodging        | 1 |  1.4
Armour         | 4 |  4.1
Fighting       | 4 |  4.1
Shields        | 4 |  4.1

Action                   |  1- 3 |  4- 6 || total
-------------------------+-------+-------++-------
Melee: War axe           |   105 |     2 ||   107
       Dagger            |       |   176 ||   176
  Use: Scroll            |     5 |     8 ||    13
       Potion            |     1 |     1 ||     2
Armor: Scale mail        |    55 |    79 ||   134
Dodge: Dodged            |    57 |    86 ||   143
Block: Buckler           |    24 |    36 ||    60
